 Dungeon Crawl Stone Soup version 0.20.0-15-g7f486f2 (webtiles) character file.

72576 Chiseanne the Nimble (level 15, -6/140 HPs)
             Began as a Deep Dwarf Skald on June 20, 2017.
             Was a High Priest of Makhleb.
             Killed from afar by an orc sorcerer (24 damage)
             ... with a bolt of fire
             ... led by an orc knight
             ... while paralysed by an orc sorcerer
             ... on level 2 of the Orcish Mines on June 21, 2017.
             The game lasted 01:10:52 (19504 turns).

Chiseanne the Nimble (Deep Dwarf Skald)            Turns: 19504, Time: 01:10:52

Health: -6/140     AC: 23    Str: 18    XL:     15   Next: 1%
Magic:  10/11      EV:  2    Int: 15    God:    Makhleb [*****.]
Gold:   1131       SH:  0    Dex: 19    Spells: 16/17 levels left

rFire    . . .     SeeInvis .   a - +2 battleaxe (vamp)
rCold    . . .     Gourm    .   (shield currently unavailable)
rNeg     + . .     Faith    +   q - +0 chain mail of Amelioration {Dex+3}
rPois    .         Spirit   .   p - +1 helmet
rElec    .         Reflect  .   c - +1 cloak
rCorr    .         Harm     .   I - +1 pair of gloves
MR       ++...                  (no boots)
Stlth    ..........             i - amulet of faith
Regen    0.0/turn               b - ring "Xifasoc" {AC+3 Str+2 Slay+3}
MPRegen  0.2/turn               O - +6 ring of evasion

@: paralysed, non-regenerating, drained
A: damage resistance, heal wounds, mutation resistance 1, negative energy
resistance 1, sense surroundings 2, no regeneration
a: Heal Wounds, Minor Destruction, Lesser Servant of Makhleb, Major Destruction,
Greater Servant of Makhleb, Renounce Religion


You were on level 2 of the Orcish Mines.
You worshipped Makhleb.
Makhleb was extremely pleased with you.
You were not hungry.

You visited 3 branches of the dungeon, and saw 22 of its levels.
You also visited: Trove and Volcano.

You collected 1550 gold pieces.
You spent 419 gold pieces at shops.

Inventory:

Hand Weapons
 a - a +2 vampiric battleaxe (weapon)
 f - a +0 broad axe of flaming
 s - a +4 flail of protection
 w - a +0 blowgun
 E - a +0 executioner's axe
Missiles
 x - 4 curare-tipped needles
 H - 122 bolts
Armour
 c - a +1 cloak (worn)
 p - a +1 helmet (worn)
 q - the +0 chain mail of Amelioration (worn) {Dex+3}
   (You found it on level 13 of the Dungeon)

   It affects your dexterity (+3).
 I - a +1 pair of gloves (worn)
Jewellery
 b - the ring "Xifasoc" (left hand) {AC+3 Str+2 Slay+3}
   (You found it in a treasure trove)

   [ring of protection]

   It affects your AC (+3).
   It affects your strength (+2).
   It affects your accuracy and damage with ranged weapons and melee attacks
   (+3).
 i - an amulet of faith (around neck)
 j - the ring of Accord {Ice *Corrode rElec rN++ MR+++}
   (You found it in a treasure trove)

   [ring of ice]

   It enhances your ice magic.
   It makes you vulnerable to fire.
   It protects you from cold.
   It insulates you from electricity.
   It greatly protects you from negative energy.
   It affects your resistance to hostile enchantments.
   It may corrode you when you take damage.
 k - an uncursed ring of see invisible
 u - an uncursed amulet of harm
 z - an uncursed amulet of guardian spirit {unknown}
 F - a +3 amulet of reflection {unknown}
 N - an uncursed amulet of regeneration {unknown}
 O - a +6 ring of evasion (right hand)
 Q - the amulet "Hofanob" {RegenMP rN++ Str+5 Slay-5}
   (You found it in a treasure trove)

   [amulet of magic regeneration]

   It increases your magic regeneration.
   It affects your strength (+5).
   It affects your accuracy and damage with ranged weapons and melee attacks
   (-5).
   It greatly protects you from negative energy.
 S - the ring "Dustri" {rF+ rC+ Str+3}
   (You found it in a treasure trove)

   [ring of protection from cold]

   It affects your strength (+3).
   It protects you from fire.
   It protects you from cold.
 T - the ring "Zyelo" {rCorr Str+2}
   (You found it in a treasure trove)

   [ring of resist corrosion]

   It affects your strength (+2).
 U - a cursed amulet of inaccuracy {unknown}
 W - the ring of the Evening {+Fly rN+}
   (You found it in a treasure trove)

   [ring of flight]

   It protects you from negative energy.
   It lets you fly.
 X - the ring of Tiluh {+Inv rPois MP+9}
   (You found it in a treasure trove)

   [ring of magical power]

   It protects you from poison.
   It affects your magic capacity (+9).
   It lets you turn invisible.
Wands
 M - a wand of scattershot (3/9)
 P - a wand of paralysis (0/24)
Scrolls
 n - a scroll of remove curse
 t - 3 scrolls of teleportation
 y - a scroll of fog
 G - 3 scrolls of blinking
 L - 4 scrolls of recharging
 R - 3 scrolls of immolation
 Z - a scroll of amnesia
Potions
 e - a potion of heal wounds
 l - 6 potions of brilliance
 A - a potion of ambrosia
 B - 4 potions of flight
 C - 3 potions of resistance
 D - 3 potions of lignification
 K - a potion of curing
Books
 v - a Fen Folio

   Spells                             Type                      Level
   a - Corpse Rot                     Necromancy                   2
   b - Stone Arrow                    Conjuration/Earth            3
   c - Leda's Liquefaction            Hexes/Earth                  4
   d - Summon Forest                  Summoning/Translocation      5
   e - Hydra Form                     Transmutation                6
   f - Summon Hydra                   Summoning                    7
 J - a book of Beasts

   Spells                             Type                      Level
   a - Summon Butterflies             Summoning                    1
   b - Call Canine Familiar           Summoning                    3
   c - Summon Ice Beast               Ice/Summoning                4
   d - Summon Mana Viper              Hexes/Summoning              5
   e - Summon Hydra                   Summoning                    7
Miscellaneous
 m - a box of beasts
Comestibles
 d - 12 bread rations
 h - 7 fruits
 o - 3 royal jellies
 r - 14 meat rations


   Skills:
 - Level 10.7(10.2) Fighting
 * Level 12.6(12.0) Axes
 * Level 14.2(13.6) Armour
 * Level 14.6(14.0) Dodging
 - Level 1.7(1.3) Spellcasting
 - Level 2.6(2.2) Charms
 * Level 13.1(12.5) Invocations


You had 16 spell levels left.
You knew the following spells:

 Your Spells              Type           Power        Failure   Level  Hunger
a - Infusion              Chrm           #...         54%         1    ##.....


Dungeon Overview and Level Annotations

Branches:
Dungeon (14/15)            Temple (0/1) D:6            Lair (6/6) D:11
  Swamp (0/4) Lair:2       Spider (0/4) Lair:3        Slime (0/5) Lair:6
    Orc (2/2) D:10            Elf (0/3) Orc:2
 Vaults: D:13-14

Altars:
Ashenzari
Dithmenos
Fedhas
Makhleb
Ru
Sif Muna
Trog
Xom
Yredelemnul

Shops:
D:8 !   D:12 *   D:13 }(

Annotations:
D:10 exclusion: upstairs
D:14 loom's ghost, journeyman MiBe
Lair:1 exclusion: oklob plant
Orc:2 tamionv's ghost, journeyman GrBe


Innate Abilities, Weirdness & Mutations

You are resistant to damage.
You can heal yourself by infusing magical energy.
You resist negative energy. (rN+)
You passively map the area around you.
You do not regenerate.
You are somewhat resistant to further mutation.


Message History

The ice devil hits you but does no damage.
The orc sorcerer hits you but does no damage.
The gnoll hits you from afar with a spear.
Tamionv's ghost hits you but does no damage.
The orc warrior hits you from afar with a halberd!!
* * * LOW HITPOINT WARNING * * *
The ice devil hits you but does no damage.
The orc knight completely misses you.
The orc priest hits you but does no damage.
The orc sorcerer hits you but does no damage.
The gnoll hits you but does no damage.
Tamionv's ghost hits you but does no damage.
The ice devil hits you but does no damage.
The orc warrior hits you from afar with a halberd!!
* * * LOW HITPOINT WARNING * * *
The orc knight hits you with an enchanted battleaxe!
* * * LOW HITPOINT WARNING * * *
The orc sorcerer points at you and mumbles some strange words.
The bolt of fire hits you!
You die...

, ......# ##......#
* ,
$......*##.....W..
.$.....##.........
,* * ,
..................,
* ,
................. ,
, , , , ,
................
#...>.....# , ,, *
#....<..)W# * ** ,
, , ,*#........o@#
, .........g4oo# *
, ,
,........##.o..# ,
, ,,
.......####..... ,
, .....## ,.......
, , ** ..... *
#........ * ....#
##.#...#.* , * *
###.## * *,* *


You could see an orc knight, an ice devil, an orc sorcerer, an orc warrior, an
orc priest, tamionv's ghost and a gnoll.

Vanquished Creatures
  A tengu reaver (D:12)
  A vault guard (D:14)
  6 hydras
  3 catoblepae (Lair:6)
  A centaur warrior (D:14)
  3 two-headed ogres
  9 death yaks (Lair:6)
  Nergalle (Lair:4)
  A fire crab (Lair:6)
  2 unseen horrors
  2 wizards (D:14)
  The ghost of tamionv the Basher, a novice GrBe of Trog (D:8)
  A necromancer (D:14)
  2 manticores (Lair:6)
  5 oklob plants
  2 cyclopes
  An ugly thing (D:13)
  2 wolf spiders (Lair:3)
  12 elephants (Lair:4)
  A centaur zombie (D:13)
  A molten gargoyle (Volcano)
  4 black mambas
  Maurice (D:8)
  Joseph (D:9)
  2 gargoyles
  11 spiny frogs
  5 rime drakes
  8 komodo dragons
  A yaktaur (D:14)
  A kobold demonologist (D:14)
  2 harpy zombies
  A merfolk (shapeshifter) (D:13)
  6 polar bears
  19 blink frogs
  A troll (D:11)
  4 slime creatures (D:11)
  Sigmund (D:2)
  6 hippogriffs
  2 dream sheep
  3 wraiths
  A spriggan (Lair:2)
  4 wyverns
  A shadow (D:11)
  17 humans (D:14)
  53 yaks
  3 fire elementals (Volcano)
  3 basilisks
  5 vampire mosquitoes
  2 hungry ghosts
  4 wargs
  2 soldier ants
  7 water moccasins
  An acid dragon (D:13)
  5 porcupines
  8 orc warriors
  3 sky beasts
  5 ice beasts
  7 black bears
  2 eyes of draining
  11 wolves
  11 ogres
  2 phantoms
  A necrophage (D:9)
  6 centaurs
  6 crocodiles
  7 big kobolds
  13 bullfrogs
  6 killer bees
  5 scorpions
  2 vampire bats (Lair:5)
  6 wights
  3 howler monkeys
  An electric eel (Lair:4)
  6 crimson imps
  2 bullfrog zombies
  3 hounds
  3 centaur skeletons
  4 jellies
  14 orc wizards
  14 orc priests
  2 bullfrog skeletons
  Jessica (D:3)
  10 worker ants
  Natasha (twice) (D:3)
  5 iguanas
  2 worker ant zombies
  A hound skeleton (D:8)
  Robin (D:3)
  6 gnolls
  15 adders
  2 shadow imps
  An adder skeleton (D:7)
  An adder zombie (D:5)
  A worm (D:5)
  4 dart slugs
  7 leopard geckos
  42 orcs
  2 ball pythons
  5 giant cockroaches
  16 goblins
  8 hobgoblins
  4 jackals (D:2)
  8 quokkas
  11 bats
  4 frilled lizards
  A jackal skeleton (D:4)
  14 kobolds
  3 leopard gecko zombies
  A quokka skeleton (D:8)
  10 rats
  5 fungi
  3 plants
594 creatures vanquished.

Vanquished Creatures (collateral kills)
  A vault guard (D:14)
  A hydra (Lair:5)
  A hornet (D:14)
3 creatures vanquished.

Vanquished Creatures (others)
  A basilisk (Lair:6)
  Natasha (D:3)
  6 fungi
  15 plants
  6 toadstools (Lair:1)
29 creatures vanquished.

Grand Total: 626 creatures vanquished

Notes
Turn   | Place    | Note
-------+----------+-------------------------------------------
     0 | D:1      | Chiseanne the Deep Dwarf Skald began the quest for the Orb.
     0 | D:1      | Reached XP level 1. HP: 19/19 MP: 3/3
   240 | D:1      | Reached XP level 2. HP: 17/26 MP: 4/4
   671 | D:1      | Reached XP level 3. HP: 28/32 MP: 5/5
   857 | D:2      | Noticed Sigmund
   871 | D:2      | HP: 1/32 [something (10)]
   903 | D:2      | Killed Sigmund
   903 | D:2      | Reached XP level 4. HP: 23/40 MP: 6/6
   903 | D:2      | Reached XP level 5. HP: 28/48 MP: 7/7
   986 | D:2      | Found a burning altar of Makhleb.
   994 | D:2      | Became a worshipper of Makhleb the Destroyer
  1358 | D:3      | Noticed Natasha
  1360 | D:3      | Noticed Robin
  1380 | D:3      | Noticed Jessica
  1389 | D:3      | Killed Natasha
  1389 | D:3      | Reached XP level 6. HP: 28/56 MP: 8/8
  1398 | D:3      | Killed Robin
  1405 | D:3      | Killed Jessica
  1417 | D:3      | Noticed Natasha
  1428 | D:3      | Killed Natasha
  1744 | D:3      | Noticed Natasha
  1759 | D:3      | Killed Natasha
  1831 | D:3      | Reached * piety under Makhleb
  2165 | D:4      | Reached XP level 7. HP: 42/63 MP: 7/7
  2217 | D:4      | Found a shattered altar of Ashenzari.
  2222 | D:4      | Found a shimmering altar of Xom.
  2399 | D:4      | Reached skill level 5 in Dodging
  3054 | D:4      | Reached skill level 5 in Axes
  3211 | D:4      | HP: 1/66 [ogre/giant club (7)]
  3231 | D:4      | Reached skill level 5 in Armour
  3252 | D:5      | Entered Level 5 of the Dungeon
  3252 | D:5      | Found a shadowy altar of Dithmenos.
  3485 | D:5      | Reached XP level 8. HP: 25/73 MP: 6/6
  3858 | D:5      | Reached ** piety under Makhleb
  4443 | D:6      | Found a staircase to the Ecumenical Temple.
  4577 | D:6      | HP: 3/73 [orc priest/divine providence (12)]
  4578 | D:6      | HP: 1/73 [orc priest/falchion (2)]
  4653 | D:6      | Reached skill level 5 in Fighting
  5136 | D:7      | Gained mutation: You passively map the area around you. [Deep Dwarf growth]
  5136 | D:7      | Reached XP level 9. HP: 22/82 MP: 2/2
  5307 | D:7      | Found a basalt altar of Yredelemnul.
  6064 | D:8      | Noticed tamionv's ghost (novice GrBe)
  6126 | D:8      | Noticed Maurice
  6281 | D:8      | Reached *** piety under Makhleb
  6343 | D:8      | Killed tamionv's ghost
  6348 | D:8      | Killed Maurice
  6371 | D:8      | Found Annu's Distillery.
  6392 | D:8      | Found a blossoming altar of Fedhas.
  6425 | D:8      | Reached XP level 10. HP: 20/92 MP: 3/3
  6548 | D:8      | Bought a potion of heal wounds for 75 gold pieces
  6548 | D:8      | Bought a potion of brilliance for 60 gold pieces
  6548 | D:8      | Bought a potion of resistance for 150 gold pieces
  6548 | D:8      | Bought a potion of lignification for 45 gold pieces
  6548 | D:8      | Bought a potion of agility for 60 gold pieces
  6920 | D:9      | Found a bloodstained altar of Trog.
  7032 | D:9      | Found a sacrificial altar of Ru.
  7045 | D:9      | Reached **** piety under Makhleb
  7158 | D:9      | Found a deep blue altar of Sif Muna.
  7422 | D:9      | Noticed a two-headed hydra
  7493 | D:8      | Killed a two-headed hydra
  7652 | D:9      | Noticed Joseph
  7686 | D:9      | Killed Joseph
  7914 | D:10     | Entered Level 10 of the Dungeon
  8158 | D:9      | Reached XP level 11. HP: 46/102 MP: 4/4
  8245 | D:9      | Reached ***** piety under Makhleb
  8537 | D:10     | Found a staircase to the Orcish Mines.
  9128 | D:10     | Killed an unseen horror
  9128 | D:10     | Reached skill level 10 in Dodging
  9541 | D:11     | Noticed a two-headed ogre
  9562 | D:11     | Killed a two-headed ogre
  9562 | D:11     | Reached skill level 1 in Invocations
  9648 | D:11     | Noticed a two-headed ogre
  9822 | D:11     | Reached skill level 10 in Armour
 10378 | D:11     | Found a staircase to the Lair.
 10506 | D:11     | You fall through a shaft for 3 floors!
 10778 | D:14     | Noticed a centaur warrior
 10779 | D:14     | Noticed a two-headed ogre
 10807 | D:14     | Killed a centaur warrior
 10807 | D:14     | Reached skill level 5 in Invocations
 10823 | D:14     | Killed a two-headed ogre
 10823 | D:14     | Reached XP level 12. HP: 62/115 MP: 2/4
 10906 | D:14     | Noticed a two-headed ogre
 10920 | D:14     | Killed a two-headed ogre
 10976 | D:14     | Noticed a vault guard
 11028 | D:14     | Killed a vault guard
 11112 | D:14     | Noticed a vault guard
 11137 | D:14     | Killed a vault guard
 11200 | D:14     | Reached skill level 10 in Fighting
 11328 | D:14     | Noticed loom's ghost (journeyman MiBe)
 11493 | D:13     | Got an ancient chain mail
 11504 | D:13     | Identified the cursed +0 chain mail of Amelioration {Dex+3} (You found it on level 13 of the Dungeon)
 11544 | D:13     | Reached ****** piety under Makhleb
 11664 | D:13     | Found Mievumix's Weapon Emporium.
 12017 | D:13     | Noticed an eight-headed hydra
 12028 | D:13     | Killed an eight-headed hydra
 12149 | D:13     | Found Gocaz's Gadget Shop.
 12284 | D:13     | Found a portal to a secret trove of treasure.
 12290 | Trove    | Entered a treasure trove
 12302 | Trove    | Got a coiled tin amulet
 12304 | Trove    | Got a coiled steel ring
 12306 | Trove    | Got a crude ivory ring
 12312 | Trove    | Got a transparent golden ring
 12314 | Trove    | Got a vibrating tin ring
 12334 | Trove    | Identified the amulet "Hofanob" {RegenMP rN++ Str+5 Slay-5} (You found it in a treasure trove)
 12335 | Trove    | Identified the ring "Dustri" {rF+ rC+ Str+3} (You found it in a treasure trove)
 12341 | Trove    | Identified the ring "Zyelo" {rCorr Str+2} (You found it in a treasure trove)
 12342 | Trove    | Identified the ring of the Evening {+Fly rN+} (You found it in a treasure trove)
 12353 | Trove    | Got a scintillating turquoise ring
 12356 | Trove    | Got a shimmering ivory ring
 12597 | D:12     | Reached XP level 13. HP: 44/124 MP: 7/7
 12613 | D:12     | Found Laem Ick's Assorted Antiques.
 12628 | D:12     | Bought an emerald potion for 29 gold pieces
 12632 | D:12     | Gained mutation: You are somewhat resistant to further mutation. [potion of mutation]
 13116 | D:12     | Noticed a tengu reaver
 13176 | D:12     | Killed a tengu reaver
 13195 | D:12     | Identified the ring "Xifasoc" {AC+3 Str+2 Slay+3} (You found it in a treasure trove)
 13299 | Lair:1   | Entered Level 1 of the Lair of Beasts
 13849 | Lair:1   | Found a blossoming altar of Fedhas.
 14160 | Lair:2   | Reached skill level 10 in Axes
 14434 | Lair:2   | Found a staircase to the Swamp.
 14832 | Lair:2   | Reached skill level 10 in Invocations
 14878 | Lair:2   | Identified the ring of Accord {Ice *Corrode rElec rN++ MR+++} (You found it in a treasure trove)
 14881 | Lair:2   | Identified the ring of Tiluh {+Inv rPois MP+9} (You found it in a treasure trove)
 15171 | Lair:3   | Got a spiked chain mail
 15209 | Lair:3   | Identified the cursed +1 chain mail of Negligence {Stlth+} (You found it on level 3 of the Lair of Beasts)
 15920 | Lair:3   | Found a hole to the Spider Nest.
 16089 | Lair:4   | Noticed Nergalle
 16117 | Lair:4   | Killed Nergalle
 16342 | Lair:4   | Gained mutation: You resist negative energy. (rN+) [Deep Dwarf growth]
 16342 | Lair:4   | Reached XP level 14. HP: 131/133 MP: 9/9
 16756 | Lair:4   | You fall through a shaft for 2 floors!
 16756 | Lair:6   | Entered Level 6 of the Lair of Beasts
 17215 | Lair:5   | Found a dark tunnel.
 17232 | Volcano  | Entered a volcano
 17962 | Lair:6   | Found a staircase to the Slime Pits.
 19232 | Lair:4   | Reached XP level 15. HP: 140/140 MP: 11/11
 19380 | Orc:1    | Entered Level 1 of the Orcish Mines
 19483 | Orc:2    | Entered Level 2 of the Orcish Mines
 19483 | Orc:2    | Found a staircase to the Elven Halls.
 19487 | Orc:2    | Noticed tamionv's ghost (journeyman GrBe)
 19498 | Orc:2    | Paralysed by an orc sorcerer for 7 turns
 19504 | Orc:2    | Killed from afar by an orc sorcerer

Skill      XL: |  1  2  3  4  5  6  7  8  9 10 11 12 13 14 |
---------------+-------------------------------------------+-----
Fighting       | 2 3 4 5 6 8 9 10 | 10.7
Armour         | 3 4 5 6 7 9 10 12 13 14 | 14.2
Dodging        | 3 4 5 6 8 9 11 12 13 14 | 14.6
Axes           | 3 4 5 6 8 9 11 12 | 12.6
Invocations    | 5 8 11 13 | 13.1
Spellcasting   | |  1.7
Charms         | |  2.6

Action                   |  1- 3 |  4- 6 |  7- 9 | 10-12 | 13-15 || total
-------------------------+-------+-------+-------+-------+-------++-------
Melee: Hand axe          |   143 |   194 |   180 |       |       ||   517
       Flail             |       |       |   304 |  1603 |   275 ||  2182
       War axe           |       |       |    98 |       |       ||    98
       Whip              |       |       |       |    25 |       ||    25
       Battleaxe         |       |       |       |       |   737 ||   737
 Fire: Blowgun           |       |       |       |     7 |     4 ||    11
Invok: Lesser Servant of |       |       |       |     3 |       ||     3
       Minor Destruction |       |       |       |       |     2 ||     2
       Greater Servant o |       |       |       |       |     2 ||     2
 Abil: Heal Wounds       |     4 |     6 |    16 |    18 |     7 ||    51
Evoke: Wand              |       |       |       |     4 |     3 ||     7
       Box of beasts     |       |       |       |       |     5 ||     5
  Use: Potion            |       |     1 |     3 |     6 |    15 ||    25
       Scroll            |       |     8 |    16 |     9 |    12 ||    45
 Stab: Invisible         |       |       |       |     1 |       ||     1
  Eat: Chunk             |       |     4 |    14 |    24 |    16 ||    58
       Fruit             |       |       |     1 |     2 |    27 ||    30
       Royal jelly       |       |       |       |       |     4 ||     4
Armor: Leather armour    |    35 |     7 |       |       |       ||    42
       Ring mail         |       |    47 |    65 |       |       ||   112
       Scale mail        |       |       |   221 |   619 |       ||   840
       Chain mail        |       |       |       |   107 |   738 ||   845
Dodge: Dodged            |   117 |   176 |   445 |  1370 |  1792 ||  3900
